 Dungeon Crawl Stone Soup version 0.17.1-2-g5865329 (webtiles) character file.

19 seren the Conjurer (level 2, -1/20 HPs)
             Began as a Draconian Conjurer on Feb 4, 2016.
             Slain by a gnoll
             ... wielding a +0 club
              (4 damage)
             ... on level 1 of the Dungeon.
             The game lasted 00:03:40 (406 turns).

seren the Conjurer (Draconian Conjurer)              Turns: 406, Time: 00:03:41

Health: -1/20      AC:  4    Str: 10    XL:     2   Next: 55%
Magic:  2/5        EV: 12    Int: 15    God:
Gold:   27         SH:  0    Dex: 11    Spells: 1 memorised, 4 levels left

rFire  . . .     SeeInvis .     g - +0 club
rCold  . . .     Clarity  .     (armour unavailable)
rNeg   . . .     SustAt   .     (no shield)
rPois  .         Gourm    +     (helmet restricted)
rElec  .         Spirit   .     (no cloak)
rCorr  .         Warding  .     (no gloves)
rMut   .         Stasis   .     (no boots)
MR     .....                    c - amulet of the gourmand
Stlth  ++........               (no ring)
                                (no ring)

@: not resistant to hostile enchantments, unstealthy
A: unfitting armour, cold-blooded, AC +4
a: no special abilities


You were on level 1 of the Dungeon.
You were full.

You visited 1 branch of the dungeon, and saw 2 of its levels.

You collected 27 gold pieces.

Inventory:

Hand Weapons
 g - a +0 club (weapon)
Jewellery
 c - an amulet of the gourmand (around neck)
Scrolls
 e - a scroll of fear {unknown}
 h - a scroll of recharging {unknown}
Books
 a - a book of Conjurations

   Spells                             Type                      Level
   a - Magic Dart                     Conjuration                  1
   b - Searing Ray                    Conjuration                  2
   c - Dazzling Spray                 Conjuration/Hexes            3
   d - Fulminant Prism                Conjuration/Hexes            4
   e - Iskenderun's Mystic Blast      Conjuration                  4
   f - Iskenderun's Battlesphere      Conjuration/Charms           5
Comestibles
 b - a bread ration
 d - a beef jerky
 f - a meat ration


   Skills:
 - Level 1.7 Dodging
 - Level 1.7 Stealth
 - Level 2.0 Spellcasting
 * Level 4.7 Conjurations


You had 4 spell levels left.
You knew the following spells:

 Your Spells              Type           Power        Failure   Level  Hunger
a - Magic Dart            Conj           ###.         3%          1    #......


Dungeon Overview and Level Annotations

Branches:
Dungeon (2/15)

Altars:


Innate Abilities, Weirdness & Mutations

Your plain brown scales are hard (AC +4).
Your body does not fit into most forms of armour.
You are cold-blooded and may be slowed by cold attacks.


Message History

The gnoll hits you with a club!
Found a scroll labeled LESITESEAV.
Casting: Magic Dart
Confirm with . or Enter, or press ? or * to list all spells.
Aiming: Magic Dart
Press: ? - help, Shift-Dir - straight line, f/p - gnoll
Aim: a gnoll, wielding a club (moderately wounded)
The magic dart hits the gnoll.
The gnoll is moderately wounded.
The gnoll hits you with a club.
* * * LOW HITPOINT WARNING * * *
Casting: Magic Dart
Confirm with . or Enter, or press ? or * to list all spells.
Aiming: Magic Dart
Press: ? - help, Shift-Dir - straight line, f/p - gnoll
Aim: a gnoll, wielding a club (moderately wounded)
The magic dart hits the gnoll.
The gnoll is moderately wounded.
The gnoll hits you with a club.
You die...

#Z#x#Z#.#.##### #.#.##'##
########### ##########.#
#########..######..######.
#....................(....
##..#####.######...#######
#.#.# #.# #...# #.##.#
#.######...# #.# #.#
#..?.......# #. #.# #@#
##..... # #.# #g###
#...... #.#####...#
#.....## #.......#.####...
#######))........
#.#.###.... #.#.# # # #
#.#.###.#.# #. #.#........


You could see a gnoll.

Vanquished Creatures
  An adder (D:2)
  A bat (D:2)
  2 goblins
  3 hobgoblins
  A giant newt (D:2)
  2 rats (D:1)
10 creatures vanquished.

Notes
Turn   | Place    | Note
--------------------------------------------------------------
     0 | D:1      | seren the Draconian Conjurer began the quest for the Orb.
     0 | D:1      | Reached XP level 1. HP: 14/14 MP: 3/3
     0 | D:1      | Noticed a centaur skeleton
     0 | D:1      | Noticed a centaur zombie
     0 | D:1      | Noticed an octopode
     4 | D:1      | Noticed a centaur skeleton
     9 | D:1      | Noticed an elf zombie
    11 | D:1      | Noticed a troll skeleton
    13 | D:1      | Noticed a human skeleton
    15 | D:1      | Noticed a gargoyle
    17 | D:1      | Noticed a troll
    17 | D:1      | Noticed an elf skeleton
    19 | D:1      | Noticed a centaur skeleton
    23 | D:1      | Noticed an octopode
   213 | D:2      | Reached XP level 2. HP: 18/20 MP: 1/5
   406 | D:1      | Slain by a gnoll

Action                   || total
-------------------------++-------
Melee: Unarmed           ||    14
       Club              ||    12
 Cast: Magic Dart        ||    18
  Eat: Chunk             ||    10
